[Event "Early-Titled-Tuesday-Blitz-June-18-2024"]
[Site "Chess.com"]
[Date "2024.06.18"]
[Round "1"]
[White "Pingah9"]
[Black "Murad_Ibrahimli"]
[Result "0-1"]
[WhiteElo "2508"]
[BlackElo "2927"]
[TimeControl "180+1"]
[EndTime "8:07:48 PDT"]
[Termination "Murad_Ibrahimli won by checkmate"]

1. e4 c6 2. Nc3 d5 3. Qf3 d4 4. Bc4 Nf6 5. Nce2 Qd6 6. d3 Nbd7 7.
Bb3 a5 8. a3 Nc5 9. Ba2 Bg4 10.
Qg3 Qxg3 11. hxg3 e5 12. f3 Be6 13. Bxe6 Nxe6 14. Nh3 Bd6 15. Ng5 Nxg5 16. Bxg5 Nd7 17. g4 a4 18. Ng3 f6 19. Bd2 g6 20. g5 O-O 21. gxf6 Rxf6 22. Kf2 b5 23. Rh4 c5 24. Rah1 Rf7 25. Ne2 c4 26. Ra1 cxd3 27. cxd3 Rc8 28. Ke1 Bc5 29. Rc1 Rff8 30. f4 Be7 31. Rh1 Rxc1+ 32.
Bxc1 Nc5 33. Rh3 exf4 34. Bxf4 g5 35. Be5 g4 36. Rh5 Nxd3+ 37. Kd2 Nxb2 38. Bxd4 Nc4+ 39. Kd3 Nxa3 40. Ng3 Rd8 41. Nf5 Bf6 42. e5 Bh8 43.
Ke4 Nc4 44. Nh6+ Kg7 45. Nxg4 Kg6 46. Rh6+ Kg5 47. Rxh7 Kxg4 48. Bf2 Bxe5 49. Bh4 Rd4# 0-1

[Event "Early-Titled-Tuesday-Blitz-June-18-2024"]
[Site "Chess.com"]
[Date "2024.06.18"]
[Round "1"]
[White "rupeshjswl7"]
[Black "Caroexpert"]
[Result "0-1"]
[WhiteElo "2323"]
[BlackElo "2653"]
[TimeControl "180+1"]
[EndTime "8:07:48 PDT"]
[Termination "Caroexpert won by resignation"]

1. e4 c6 2. d4 d5 3. e5 c5 4. dxc5 e6 5. a3 Bxc5 6. Qg4 g6 7. Nf3 Nc6 8. b4 h5 9. Qf4 Bb6 10. Nbd2 Nh6 11. c4 Ng4 12. c5 Bc7 13. Bb2 f6 14. Bd3 g5 15. Bg6+ Kd7 16. Qg3 Ngxe5 17. Nxe5+ Nxe5 18. Bc2 Nc4 19. Ba4+ Ke7 20. Bxf6+ Kxf6 21. Qf3+ Kg7 22. Nxc4 dxc4 23. O-O Qf6 24. Qe2 Qe5 25.
Qxe5+ Bxe5 26. Rad1 b6 27. Rfe1 Kf6 28. c6 a6 29. Re4 b5 30. Bc2 Ra7 31. a4 Rf7 32.
g3 g4 33. Kg2 h4 34. Rf1 Bd6 35. f3 gxf3+ 36. Rxf3+ Ke7 37. Rxf7+ Kxf7 38. axb5 axb5 39.
gxh4 e5 40. Kg3 Bf5 41. Re2 Bxc2 42. Rxc2 e4+ 43. Kf2 Rxh4 44. Rd2 Rxh2+ 0-1

[Event "Early-Titled-Tuesday-Blitz-June-18-2024"]
[Site "Chess.com"]
[Date "2024.06.18"]
[Round "1"]
[White "tarno17"]
[Black "Shuvalov"]
[Result "0-1"]
[WhiteElo "2198"]
[BlackElo "2588"]
[TimeControl "180+1"]
[EndTime "8:07:51 PDT"]
[Termination "Shuvalov won by resignation"]

1. e4 e6 2. d4 d5 3. Nd2 c5 4. exd5 exd5 5. Bb5+ Bd7 6. Bxd7+ Nxd7 7. Ngf3 Ngf6 8. O-O Be7 9. c3 O-O 10. Re1 Bd6 11. Nf1 h6 12. Ng3 Re8 13. Be3 c4 14. Qd2 Bxg3 15. hxg3 Ne4 16. Qc1 b5 17. a4 a6 18. axb5 axb5 19. Qc2 Ndf6 20. Ne5 Qb6 21.
g4 Qb7 22. f3 Ng5 23. Bxg5 hxg5 24. Qf5 Nh7 25. Kh2 Qc7 26. g3 Rxa1 27. Rxa1 f6 28. Ng6 Qf7 29. Rg1 Nf8 30. Nxf8 Kxf8 31. Rg2 Re1 32. Qc8+ Qe8 33. Qxe8+ Kxe8 34. f4 gxf4 35. gxf4 Kd7 36. g5 f5 37. Kg3 Re3+ 38. Kf2 Re4 39.
Kf3 b4 40. Rh2 Ke6 41. Rh7 Kf7 42. cxb4 Rxd4 43. Ke3 Rd3+ 44. Ke2 Rb3 45. Rh8 Rxb2+ 46.
Ke3 Rxb4 47. Kd4 Rb5 48. Rd8 Kg6 49. Rd6+ Kh5 50. Rd7 g6 51. Ke5 Rc5 52. Rd6 c3 53. Kd4 c2 54. Kxc5 c1=Q+ 55. Kxd5 Qxf4 56. Ke6 Qxd6+ 57. Kxd6 Kxg5 0-1

[Event "Early-Titled-Tuesday-Blitz-June-18-2024"]
[Site "Chess.com"]
[Date "2024.06.18"]
[Round "1"]
[White "ChristopherYoo"]
[Black "Artyom_ChessMate"]
[Result "1-0"]
[WhiteElo "3031"]
[BlackElo "2536"]
[TimeControl "180+1"]
[EndTime "8:07:53 PDT"]
[Termination "ChristopherYoo won on time"]

1. d4 d5 2. c4 e6 3. Nc3 Nf6 4. cxd5 exd5 5. Bg5 c6 6. Qc2 Be7 7. e3 Nbd7 8. Bd3 Nh5 9. Bxe7 Qxe7 10. Nge2 g6 11. O-O O-O 12. Rae1 Ng7 13. Nc1 Nf6 14. f3 Bf5 15. e4 Be6 16. h3 Rad8 17. Qf2 Qd7 18. e5 Nfe8 19. Nb3 Bf5 20. Nc5 Qc8 21. Bxf5 Nxf5 22. g4 Nfg7 23. f4 f5 24. g5 b6 25.
e6 Rd6 26. e7 Rf7 27. Nd3 Re6 28. Rxe6 Nxe6 29. Rc1 Qb7 30. Ne5 Rxe7 31. b4 Nd6 32. h4 Ng7 33. Qf3 Ne4 34. Ne2 Re6 35. Ng3 c5 36. bxc5 bxc5 37. dxc5 Qb2 38. Nd3 Qa3 39.
c6 Re8 40. c7 Rc8 41. Ne2 Ne6 42. Ne5 Rxc7 43. Qxa3 Re7 44. Qxe7 Ng3 45. Nxg3 Nxf4 46. Qf7+ 1-0

[Event "Early-Titled-Tuesday-Blitz-June-18-2024"]
[Site "Chess.com"]
[Date "2024.06.18"]
[Round "1"]
[White "bubeliang"]
[Black "KinKaiser"]
[Result "1-0"]
[WhiteElo "2816"]
[BlackElo "2465"]
[TimeControl "180+1"]
[EndTime "8:07:53 PDT"]
[Termination "bubeliang won by resignation"]

1. e4 c5 2. c3 e6 3. d4 cxd4 4. cxd4 d5 5. exd5 exd5 6. Nf3 Nc6 7. Bd3 Bd6 8. O-O Nge7 9. Nc3 f6 10. Qb3 Bc7 11. Re1 O-O 12. Nxd5 Nxd5 13. Bc4 Ne7 14. Rxe7 Qxe7 15. Bxd5+ Kh8 16. Be3 Bg4 17. Qxb7 Rab8 18. Qc6 Rb6 19. Qc2 Qd6 20. Rc1 Bxf3 21. Bxf3 Qxh2+ 22. Kf1 Bf4 23. Qc8 Rb8 24. Qc2 Bxe3 25. fxe3 h6 26. b3 f5 27. Qd2 Qd6 28. Rc5 Rbd8 29.
Qc3 f4 30. Rc6 Qd7 31. d5 fxe3 32. Rxh6+ Kg8 33. Re6 Qxd5 34. Rxe3 Qd1+ 35. Re1 Qd3+ 36. Qxd3 Rxd3 37. Re7 Rd2 38. Rxa7 Rc8 39. Kg1 Rc3 40. b4 Rb2 41. a3 Kh7 42. Ra5 g6 43. b5 Rc1+ 44. Kh2 Rc3 45. Kg3 Kh6 46. a4 Rc5 47. Ra6 Rb4 48. b6 Kg5 49. b7 Kf5 50. Ra8 Rcc4 51. b8=Q Rxb8 52. Rxb8 Rxa4 53. Rb5+ Kf6 54. Kf2 Ra3 55. Be4 g5 56. Rf5+ Ke6 57. Rxg5 Ra4 58. Bf3 Kf6 59. Rc5 Ra2+ 60. Kg3 Rc2 61. Rxc2 1-0

[Event "Early-Titled-Tuesday-Blitz-June-18-2024"]
[Site "Chess.com"]
[Date "2024.06.18"]
[Round "1"]
[White "FollowRivers"]
[Black "Chopper1905"]
[Result "0-1"]
[WhiteElo "2509"]
[BlackElo "2928"]
[TimeControl "180+1"]
[EndTime "8:07:54 PDT"]
[Termination "Chopper1905 won by resignation"]

1. e4 c5 2. Nc3 d6 3. d4 cxd4 4.
Qxd4 Nc6 5. Qd2 Nf6 6. b3 e6 7. Bb2 a6 8. O-O-O Be7 9. f3 b5 10. g4 O-O 11. h4 b4 12. Nce2 a5 13. Ng3 a4 14. Kb1 axb3 15. cxb3 Qa5 16. Ba1 Nd7 17. g5 Nc5 18. Qb2 e5 19. Bh3 Ba6 20. Bf1 Nd4 21.
Nf5 Nxf5 22. exf5 Bxf1 23. Rxf1 Qb5 24. Qe2 Qd7 25. Qc2 Rfc8 26. f4 e4 27. f6 Nd3 28.
Qe2 Qf5 29. fxe7 e3 30. e8=Q+ Rxe8 31. Rd1 Nf2+ 32. Qc2 Qxc2+ 33. Kxc2 Nxh1 34. Ne2 Rxa2+ 35. Kb1 Rxe2 36. Rxh1 Rf2 37. Re1 e2 38. Kc2 Rf1 39. Kd2 Rxe1 40. Kxe1 Re4 41. f5 Rxh4 42. Kxe2 Rh2+ 43.
Kd3 Rh4 44. Bd4 d5 45. Bc5 Re4 46. Bd6 f6 47. g6 hxg6 48. fxg6 f5 49. Bc5 f4 50. Bd6 f3 0-1

[Event "Early-Titled-Tuesday-Blitz-June-18-2024"]
[Site "Chess.com"]
[Date "2024.06.18"]
[Round "1"]
[White "simplerXiao"]
[Black "Iball95"]
[Result "1-0"]
[WhiteElo "2536"]
[BlackElo "2842"]
[TimeControl "180+1"]
[EndTime "8:07:54 PDT"]
[Termination "simplerXiao won by checkmate"]

1. e4 c5 2. Nf3 e6 3. c3 d5 4.
exd5 exd5 5. d4 Nf6 6. Bb5+ Nc6 7. O-O Be7 8. Re1 O-O 9. h3 a6 10. Bd3 h6 11. Bf4 Qb6 12. b3 Be6 13. a3 Rac8 14. b4 cxd4 15. cxd4 Rfe8 16. Nc3 Nxd4 17. Nxd4 Rxc3 18. Nxe6 fxe6 19. Be5 Rc6 20. Bd4 Qd8 21. b5 Rd6 22. Be5 Rd7 23. bxa6 bxa6 24. Bxa6 Qa5 25.
Qe2 Rf8 26. Bb5 Rdd8 27. a4 Bc5 28. Rec1 Ne4 29. Rxc5 Nxc5 30. Rc1 Ne4 31. Bc7 Qa7 32. Bxd8 Rxf2 33. Rc8 Rxe2+ 34. Bb6+ Kh7 35. Bxa7 Ra2 36. Bd4 Ng3 37. Rc7 Nf5 38. Be5 Kg6 39. g4 Kg5 40. gxf5 Kxf5 41. Bxg7 e5 42. Bxh6 e4 43. Rd7 Ke6 44.
Rd8 Ke5 45. Bg7+ Ke6 46. Bc6 Ra1+ 47. Bxa1 d4 48. Bxe4 d3 49. Rxd3 Kf7 50. Rd6 Ke7 51. Be5 Kf7 52. a5 Ke7 53. a6 Kf7 54. a7 Ke7 55.
a8=Q Kf7 56. Qb7+ Ke8 57. Bg6+ Kf8 58. Rd8# 1-0

[Event "Early-Titled-Tuesday-Blitz-June-18-2024"]
[Site "Chess.com"]
[Date "2024.06.18"]
[Round "1"]
[White "luckyswitchback"]
[Black "Jeppesen08"]
[Result "1-0"]
[WhiteElo "2834"]
[BlackElo "2476"]
[TimeControl "180+1"]
[EndTime "8:07:54 PDT"]
[Termination "luckyswitchback won by resignation"]

1. e4 c5 2. Nf3 e6 3. c3 Nf6 4. e5 Nd5 5. Bc4 Nb6 6. Bb3 Nc6 7. d4 cxd4 8. cxd4 d6 9. exd6 Bxd6 10. Nc3 O-O 11. O-O h6 12. Re1 Ne7 13. Qd3 Ned5 14. Bc2 Nf6 15. Bd2 Bd7 16. Rad1 Bc6 17. Ne5 Bxe5 18. Rxe5 Rc8 19. Qg3 Qxd4 20. Bf4 Qc4 21. Bd3 Qb4 22. a3 Qe7 23. Bxh6 g6 24. Bxf8 Qxf8 25.
Ree1 Kg7 26. h3 Qc5 27. Qe5 Nd5 28. Nxd5 Bxd5 29. Bf1 a5 30. Qe3 Qd6 31. Rc1 Rd8 32.
Red1 a4 33. Qd4 Qe7 34. Qxa4 Bc6 35. Qf4 e5 36. Qe3 Nd5 37. Qc5 Qg5 38. Re1 Nf4 39.
Qxe5+ Qxe5 40. Rxe5 Bxg2 41. Bxg2 Nd3 42. Rd1 Nxe5 43.
Rxd8 Kf6 44. Rb8 b6 45. Rxb6+ Kf5 46. a4 f6 47. Rb5 Kf4 48. Rxe5 fxe5 49. a5 e4 50.
Bxe4 Kxe4 51. a6 1-0

[Event "Early-Titled-Tuesday-Blitz-June-18-2024"]
[Site "Chess.com"]
[Date "2024.06.18"]
[Round "1"]
[White "ZOQTE"]
[Black "GP9isback23"]
[Result "0-1"]
[WhiteElo "2371"]
[BlackElo "2686"]
[TimeControl "180+1"]
[EndTime "8:07:54 PDT"]
[Termination "GP9isback23 won on time"]

1. Nf3 Nf6 2. g3 b6 3. Bg2 Bb7 4. O-O e6 5. b3 Be7 6. Bb2 O-O 7. c4 d5 8. Ne5 Nbd7 9. Nxd7 Qxd7 10. d4 Rfd8 11. Nd2 c5 12. cxd5 Bxd5 13. Nf3 Qb7 14.
e3 Rac8 15. Qe2 c4 16. Nh4 Bxg2 17. Nxg2 c3 18. Bc1 b5 19. Nf4 b4 20. f3 a5 21. Rd1 Qb6 22. Qf2 e5 23. Ne2 exd4 24. exd4 Rd7 25. Bg5 Rcd8 26. Rd3 h6 27. Bxf6 Bxf6 28.
Rad1 Rd5 29. Kg2 h5 30. Nf4 Rxd4 31. Nxh5 Rxd3 32. Qxb6 Rxd1 33. Nxf6+ gxf6 34. Qxf6 R1d6 35. Qg5+ Kf8 36. Qc5 Ke8 37. Kh3 Kd7 38. Qb5+ Rc6 39. Qd5+ Rd6 40. Qxf7+ Kc8 41. Qc4+ Kb7 42. Qb5+ Rb6 43.
Qc4 Rc8 44. Qe4+ Rbc6 45. Qc2 Rd8 46. Qh7+ Kb6 47. Qe4 c2 48. Qe3+ Kb7 49. Qe7+ Rc7 50. Qe4+ Kb8 0-1

[Event "Early-Titled-Tuesday-Blitz-June-18-2024"]
[Site "Chess.com"]
[Date "2024.06.18"]
[Round "1"]
[White "DinaBelenkaya"]
[Black "eragon02"]
[Result "1-0"]
[WhiteElo "2328"]
[BlackElo "2625"]
[TimeControl "180+1"]
[EndTime "8:07:54 PDT"]
[Termination "DinaBelenkaya won by resignation"]

1. Nf3 d5 2. g3 c6 3. Bg2 Bg4 4. O-O Nd7 5. d3 e5 6. Nbd2 Ngf6 7. h3 Bh5 8. e4 Bd6 9. Qe1 O-O 10. c3 Re8 11. Nh4 Bg6 12. Nxg6 hxg6 13. Nb3 Qc7 14. Bg5 dxe4 15. dxe4 Nc5 16. Qe2 Rad8 17. Rad1 Bf8 18. h4 Rxd1 19. Rxd1 Rd8 20. Nxc5 Bxc5 21. Bxf6 gxf6 22.
h5 Kg7 23. Bh3 Rd6 24. Kg2 Qd8 25. Rxd6 Qxd6 26. Bc8 b5 27. b4 Bb6 28. Bg4 a5 29. a3 a4 30. Bh3 Kh6 31. Bg4 Qd8 32.
hxg6 fxg6 33. Be6 Qd6 34. Ba2 Qd7 35. f4 exf4 36. gxf4 Bc7 37. e5 fxe5 38. fxe5 Qe7 39. Qe3+ Kg7 40. e6 Qf6 41. Bb1 Be5 42. Ba2 Kf8 43.
Kh3 Ke7 44. Kg2 Qf5 45. Qf3 Qg5+ 46. Kh3 Bf6 47. Qxc6 Qh4+ 48. Kg2 Qg4+ 49. Kf1 Qd1+ 50. Kg2 Qd2+ 51. Kf3 Qxa2 52. Qd7+ 1-0

[Event "Early-Titled-Tuesday-Blitz-June-18-2024"]
[Site "Chess.com"]
[Date "2024.06.18"]
[Round "1"]
[White "lucasran"]
[Black "Arteler"]
[Result "1-0"]
[WhiteElo "2593"]
[BlackElo "2212"]
[TimeControl "180+1"]
[EndTime "8:07:54 PDT"]
[Termination "lucasran won by checkmate"]

1. d4 Nf6 2. Bg5 g6 3. Bxf6 exf6 4. e3 Bg7 5. g3 d6 6. Bg2 O-O 7. Ne2 c6 8. O-O Re8 9. c4 Nd7 10. Nbc3 f5 11. b4 Nf6 12. b5 Bd7 13. Rb1 Rb8 14.
Qa4 Qc7 15. Rfc1 Ne4 16. Nxe4 fxe4 17. Nc3 f5 18. Bf1 h5 19. h4 a6 20. bxa6 bxa6 21.
Qxa6 Ra8 22. Qb7 Qd8 23. Qb2 Qe7 24. Ne2 g5 25. hxg5 Qxg5 26. Bg2 h4 27. gxh4 Qxh4 28.
Qb7 Rad8 29. Qa7 Re6 30. Rb7 Rg6 31. Nf4 Rxg2+ 32. Nxg2 Qf6 33. Rxd7 Re8 34. Rxg7+ Qxg7 35. Qxg7+ Kxg7 36. a4 Ra8 37. Ra1 Rb8 38. a5 Rb4 39. a6 Rb8 40. a7 Ra8 41. Nf4 Kf6 42. Ra6 Kg5 43. Kg2 d5 44. cxd5 c5 45. dxc5 Rg8 46. Rg6+ Kh4 47. Kf1 Rb8 48. Rg4+ Kxg4 49. axb8=Q Kf3 50. Qb1 Kg4 51. Qd1+ Kg5 52. Qh5+ Kf6 53. Qg6+ Ke5 54.
Qe6# 1-0

[Event "Early-Titled-Tuesday-Blitz-June-18-2024"]
[Site "Chess.com"]
[Date "2024.06.18"]
[Round "1"]
[White "djano"]
[Black "kyuotbi"]
[Result "1-0"]
[WhiteElo "2635"]
[BlackElo "2305"]
[TimeControl "180+1"]
[EndTime "8:07:55 PDT"]
[Termination "djano won on time"]

1. e4 c5 2. Nc3 a6 3. g3 b5 4. Bg2 Bb7 5. Nh3 e6 6. O-O Nc6 7. f4 Nge7 8. f5 Qc7 9. fxe6 dxe6 10. Ng5 Ne5 11. d3 h6 12. Nh3 N7c6 13. Nf4 O-O-O 14.
Be3 Nc4 15. Bc1 Qb6 16. Kh1 N4e5 17. Be3 Qc7 18. a4 b4 19. Nb1 h5 20. Nd2 g6 21. Qe2 Ng4 22. Bg1 Bg7 23. Nc4 Bd4 24. c3 Bxg1 25. Kxg1 Nce5 26. Nxe5 Nxe5 27. cxb4 Kb8 28.
Rac1 Qb6 29. bxc5 Qb4 30. Rfd1 h4 31. g4 h3 32. Bf1 Qd4+ 33. Qf2 Qxa4 34. d4 Nxg4 35.
Qg3 f5 36. Nd5+ Ka7 37. Nb6 Qc6 38. d5 exd5 39. exd5 Qf6 40. c6 Kxb6 41. cxb7 Qd6 42. Rc6+ Qxc6 43. dxc6 Rxd1 44. b8=Q+ Rxb8 45. Qxb8+ Kxc6 46. Qc8+ Kb6 47. Qxa6+ Kc7 48. Qa7+ Kd6 49. Qb8+ Kd7 50.
Qb5+ Ke7 51. Qb4+ Kf6 52. Qc3+ Kg5 53. Qxh3 Rd2 54. Qg3 f4 55. h4+ 1-0

[Event "Early-Titled-Tuesday-Blitz-June-18-2024"]
[Site "Chess.com"]
[Date "2024.06.18"]
[Round "1"]
[White "GoltsevDmitry2000"]
[Black "EdenDzung06"]
[Result "0-1"]
[WhiteElo "2703"]
[BlackElo "2416"]
[TimeControl "180+1"]
[EndTime "8:07:59 PDT"]
[Termination "EdenDzung06 won by checkmate"]

1. e4 c6 2. e5 d5 3. exd6 exd6 4. d4 Nf6 5. Nf3 d5 6. c4 Be6 7. cxd5 Bxd5 8. Nc3 Be7 9. Bd3 O-O 10. O-O Nbd7 11. Bg5 h6 12. Bh4 Rc8 13. Re1 Re8 14. Ne5 Be6 15.
Qf3 Nd5 16. Bg3 Bf6 17. Qe4 Nf8 18. Rad1 Qb6 19. Re2 Rcd8 20. a3 a5 21. Bh4 Bxh4 22. Qxh4 Nf6 23. h3 Kh8 24. Bb1 c5 25. d5 Nxd5 26.
Nxd5 Bxd5 27. Rde1 Be6 28. Bc2 Kg8 29. Ba4 Nd7 30.
Nxd7 Bxd7 31. Rxe8+ Rxe8 32. Rxe8+ Bxe8 33. Bxe8 Qxb2 34. Qa4 Qc1+ 35. Kh2 c4 36. g3 Qd2 37. Kg1 c3 38. Qc4 Qe1+ 39. Kg2 Qxe8 40. Qxc3 Qb5 41. Qc6 Qxc6+ 42.
Kh2 Qa4 43. h4 Qxa3 44. h5 Qb3 45. Kh3 a4 46. f3 a3 47. f4 a2 48. f5 a1=Q 49.
f6 Qh1+ 50. Kg4 Qbf3# 0-1

[Event "Early-Titled-Tuesday-Blitz-June-18-2024"]
[Site "Chess.com"]
[Date "2024.06.18"]
[Round "1"]
[White "Prizant_academy"]
[Black "Larax"]
[Result "1-0"]
[WhiteElo "2983"]
[BlackElo "2533"]
[TimeControl "180+1"]
[EndTime "8:08:02 PDT"]
[Termination "Prizant_academy won on time"]

1. d4 d5 2. c4 dxc4 3. Nf3 Nf6 4.
e3 Bg4 5. Bxc4 e6 6. O-O c5 7.
Qa4+ Nbd7 8. Ne5 a6 9. Nxg4 Nxg4 10. Qd1 Ngf6 11. a4 cxd4 12. exd4 Rc8 13. Bb3 Bd6 14. Nc3 O-O 15. Be3 Nb6 16. Qf3 Nbd5 17. Nxd5 Nxd5 18. Bxd5 exd5 19. g3 Be7 20. Rac1 Qd7 21. b3 h6 22. h4 Ba3 23. Rxc8 Rxc8 24. Re1 Bb4 25. Re2 Be7 26. Bf4 Bf6 27. Be5 Bxe5 28. Rxe5 Rd8 29. Kg2 Qd6 30.
h5 Qd7 31. g4 b5 32. a5 b4 33. Qf4 Qc6 34. g5 hxg5 35. Rxg5 Qd6 36. Qg4 Qf6 37. Re5 Kh8 38. Rf5 Qe6 39. Qf4 f6 40. h6 g5 41.
Rxf6 Qe7 42. Qf5 Rg8 43. Rf7 Qe4+ 44. Qxe4 dxe4 45. Ra7 Rg6 46. Rb7 Rxh6 47. Rb6 Rh7 48. Rxa6 Rd7 49. Rb6 Rxd4 50. a6 Rd8 51. a7 Ra8 52. Rb8+ Rxb8 53. axb8=Q+ 1-0

[Event "Early-Titled-Tuesday-Blitz-June-18-2024"]
[Site "Chess.com"]
[Date "2024.06.18"]
[Round "1"]
[White "killer_dreams"]
[Black "maurovargas01"]
[Result "1-0"]
[WhiteElo "2556"]
[BlackElo "1929"]
[TimeControl "180+1"]
[EndTime "8:08:02 PDT"]
[Termination "killer_dreams won on time"]

1. e4 d5 2. exd5 Qxd5 3. Nc3 Qa5 4. d4 c6 5. Nf3 Nf6 6. Ne5 Nbd7 7. Nc4 Qc7 8. Bd3 b5 9. Ne3 e6 10. a4 b4 11. Ne2 Bd6 12. Ng3 a5 13. O-O O-O 14.
Nc4 Be7 15. Re1 c5 16. Be3 cxd4 17. Bxd4 Bb7 18. Nh5 Qc6 19. Bf1 Rfd8 20. c3 Bd6 21.
Nxd6 Qxd6 22. Nxf6+ Nxf6 23. Qc1 Ng4 24. f4 Qd5 25. h3 Nh6 26. Bf2 Rac8 27. c4 Qc6 28. b3 Nf5 29. Qb2 Rd3 30. Rad1 Rcd8 31. Rxd3 Rxd3 32. Qe5 h6 33. Qxa5 Ng3 34. Qb6 Nxf1 35. Qxc6 Bxc6 36. Kxf1 Rxb3 37. a5 Ra3 38. Bb6 b3 39.
Rb1 Bb7 40. c5 Ba6+ 41. Ke1 Bb5 42. Kd2 Ra2+ 43. Kc3 Bc6 44. Rxb3 Bd5 45. Rb2 Ra3+ 46. Kb4 Rd3 47. Kb5 Rd4 48. c6 Bc4+ 49. Kb4 Ba6+ 50. Bxd4 Bc8 51. c7 Kf8 52. Bb6 Ke7 53. Rd2 1-0

[Event "Early-Titled-Tuesday-Blitz-June-18-2024"]
[Site "Chess.com"]
[Date "2024.06.18"]
[Round "1"]
[White "KhBegmuratov"]
[Black "Zq1"]
[Result "1-0"]
[WhiteElo "2937"]
[BlackElo "2512"]
[TimeControl "180+1"]
[EndTime "8:08:03 PDT"]
[Termination "KhBegmuratov won by resignation"]

1. e4 c5 2. Nf3 d6 3. Bb5+ Bd7 4. Bxd7+ Qxd7 5. O-O Nc6 6. c4 e5 7. Nc3 g6 8. a3 Bg7 9. Rb1 Nge7 10. b4 O-O 11. d3 h6 12. bxc5 dxc5 13. Nd5 b6 14. Bxh6 Nxd5 15.
Bxg7 Nc3 16. Qd2 Kxg7 17. Qxc3 f6 18. Rbd1 Rh8 19. h3 Rad8 20. Qd2 Rh5 21. Nh2 Nd4 22. f4 exf4 23. Rxf4 Qd6 24. Rdf1 f5 25. exf5 Rxf5 26. Kh1 Rxf4 27. Rxf4 Nf5 28. Rf3 Ng3+ 29. Kg1 Qd4+ 30.
Qf2 Ne2+ 31. Kf1 Qxf2+ 32. Kxf2 Nc1 33. Ng4 Nxd3+ 34. Kg1 Rd6 35. Re3 Rd7 36. h4 a6 37.
g3 b5 38. cxb5 axb5 39. Nh2 c4 40. Re2 Ra7 41. Ra2 b4 42. Nf3 b3 43. Re2 b2 44.
Nd2 Rxa3 45. Nb1 Ra1 46. Kg2 c3 47. Rc2 Rxb1 48. Rxc3 Rc1 49. Rxd3 b1=Q 50. Rd7+ Kh6 51. g4 Qe4+ 52. Kg3 Rc2 53. g5+ 1-0

[Event "Early-Titled-Tuesday-Blitz-June-18-2024"]
[Site "Chess.com"]
[Date "2024.06.18"]
[Round "1"]
[White "baki83"]
[Black "PapiPapita"]
[Result "1-0"]
[WhiteElo "2842"]
[BlackElo "2480"]
[TimeControl "180+1"]
[EndTime "8:08:04 PDT"]
[Termination "baki83 won by resignation"]

1. e4 c6 2. Nf3 d5 3. Nc3 Bg4 4.
h3 Bxf3 5. Qxf3 e6 6. Be2 Bc5 7.
O-O Nd7 8. Rd1 Bd4 9. exd5 exd5 10. Bf1 Ne7 11. Ne2 Be5 12. d4 Bd6 13. Ng3 O-O 14.
Re1 Re8 15. c3 Qc7 16. Bg5 Nf8 17. Nh5 Neg6 18. Rxe8 Rxe8 19. Bh6 Ne6 20. Re1 Bf8 21. Bd2 Qd8 22. g3 Nc7 23. Rxe8 Nxe8 24. Bd3 Nd6 25. Qe2 Qe7 26. Qxe7 Bxe7 27. Kf1 Nf8 28. Nf4 Bg5 29. h4 Bh6 30. Ke2 Ng6 31. Nxg6 hxg6 32. f4 f5 33. b3 Kf7 34. c4 Ke6 35. Bb4 Ne4 36. Be1 a6 37. Ke3 Nf6 38. Be2 Ne4 39. Bf3 Nf6 40. Bb4 Ne4 41. Bxe4 dxe4 42. a4 b5 43. d5+ cxd5 44. cxb5 axb5 45. axb5 Bg5 46. hxg5 Kd7 47. Kd4 Kc7 48. Bc5 Kb7 49. Kxd5 e3 50.
Bxe3 Kb8 51. Ke6 Kb7 52. Kf7 Kc7 53. Kxg6 Kd6 54. Kxg7 Kd5 55. g6 Ke4 56. Kf6 Kxe3 57.
Kxf5 Kf3 58. b6 Kxg3 59. b7 Kf3 60. b8=Q Ke2 61. Qd8 1-0

[Event "Early-Titled-Tuesday-Blitz-June-18-2024"]
[Site "Chess.com"]
[Date "2024.06.18"]
[Round "1"]
[White "gafkens"]
[Black "Cmorales2001"]
[Result "1/2-1/2"]
[WhiteElo "2628"]
[BlackElo "2317"]
[TimeControl "180+1"]
[EndTime "8:08:04 PDT"]
[Termination "Game drawn by repetition"]

1. e4 c6 2. d4 d5 3. e5 Bf5 4. Nd2 e6 5. Nb3 c5 6. dxc5 Bxc5 7. Bb5+ Nc6 8. Bxc6+ bxc6 9. Nxc5 Qa5+ 10. c3 Qxc5 11.
Be3 Qb5 12. Qb3 Ne7 13. Nf3 Qa6 14. Bc5 Bg4 15. Bxe7 Bxf3 16. gxf3 Kxe7 17. Qb4+ Ke8 18. Rg1 g6 19. f4 Qb6 20. a3 c5 21. Qa4+ Ke7 22. b4 Rhc8 23. Rg3 c4 24. Rd1 a5 25.
b5 Rc5 26. Qc2 Rxb5 27. Qe2 Rb8 28. Rh3 h5 29. f5 exf5 30. e6 fxe6 31. Re3 Kf6 32.
Kf1 Rd8 33. Re1 Rd6 34. Qf3 Rb1 35. Qf4 Rxe1+ 36. Rxe1 d4 37. Qe5+ Kf7 38. cxd4 Qxd4 39. Qxa5 Qd3+ 40. Kg1 Qd2 41. Qc7+ Rd7 42. Qe5 Qd5 43. Qe3 e5 44. h4 Qd4 45. Qh6 Qg4+ 46. Kf1 Rd1 47. Qh7+ Ke6 48. Qg8+ Kf6 49. Qf8+ Ke6 50.
Qe8+ Kf6 51. Qf8+ Ke6 52. Qe8+ Kf6 53. Qxe5+ Kf7 54. Qe7+ Kg8 55. Qe8+ Kg7 56. Qe7+ Kg8 57. Qe6+ Kg7 58. Qe5+ Kg8 59. Qe6+ Kg7 60. Qe7+ Kg8 1/2-1/2

[Event "Early-Titled-Tuesday-Blitz-June-18-2024"]
[Site "Chess.com"]
[Date "2024.06.18"]
[Round "1"]
[White "elizabethcastaneda"]
[Black "NovoselovRoman"]
[Result "0-1"]
[WhiteElo "1912"]
[BlackElo "2555"]
[TimeControl "180+1"]
[EndTime "8:08:04 PDT"]
[Termination "NovoselovRoman won by resignation"]

1. e4 d5 2. exd5 Qxd5 3. Nc3 Qd6 4. d4 Nf6 5. Nf3 c6 6. Ne5 Nbd7 7. Bf4 Nxe5 8. dxe5 Qxd1+ 9. Rxd1 Nd7 10. Bc4 Nb6 11.
Bb3 Bf5 12. O-O e6 13. Rfe1 Bb4 14. Re3 Nd5 15. Nxd5 exd5 16. c4 d4 17. Rg3 O-O-O 18. Rxg7 Bg6 19. Bg5 Rde8 20. Bf6 Bc5 21. h4 Rhg8 22.
Rxg8 Rxg8 23. e6 fxe6 24. Bxd4 Bh5 25. Rd2 Bf3 26. g3 Bb4 27. Rd3 Be4 28. Re3 Bf5 29. Bc3 Bc5 30. Rf3 Be4 31. Rf6 Rxg3+ 32. Kf1 Bd3+ 33.
Ke1 Rg1+ 34. Kd2 Bf5 35. Bc2 Rg2 36. Bxf5 Rxf2+ 37. Kd3 Rxf5 38. Rh6 Rf7 39. h5 Kd7 40. Bd2 Be7 41. Ke4 Bf8 42. Bf4 Bxh6 43. Bxh6 Rf5 44. Bf4 Rxh5 45. Be5 Rh4+ 46. Bf4 Ke7 47. Ke5 Rxf4 48.
Kxf4 Kf6 49. Ke4 h5 50. Kf4 e5+ 51. Ke4 h4 52. Kf3 Kf5 53. Ke3 e4 0-1

[Event "Early-Titled-Tuesday-Blitz-June-18-2024"]
[Site "Chess.com"]
[Date "2024.06.18"]
[Round "1"]
[White "FabianoCaruana"]
[Black "ATM622"]
[Result "1-0"]
[WhiteElo "3122"]
[BlackElo "2543"]
[TimeControl "180+1"]
[EndTime "8:08:05 PDT"]
[Termination "FabianoCaruana won by checkmate"]

1. b3 d5 2. Bb2 c5 3. e3 Nc6 4.
Nf3 Nf6 5. Bb5 e6 6. Bxc6+ bxc6 7. O-O Bd6 8. c4 O-O 9. d3 Re8 10. Nbd2 e5 11. e4 Bg4 12. Re1 a5 13. h3 Bh5 14.
Nf1 d4 15. a4 Rb8 16. g4 Bg6 17.
Ng3 Qb6 18. Ra3 h6 19. Bc1 Qb4 20. Re2 Rb7 21. Rea2 Reb8 22. Bd2 Qb6 23. Rb2 Qc7 24. Rb1 Rb4 25. Bxb4 cxb4 26. Ra2 c5 27. Nh4 Be7 28.
Ngf5 Kh7 29. Ng2 h5 30. Qf3 Rh8 31. Qg3 Kg8 32. g5 Ne8 33. Nxe7+ Qxe7 34. h4 Nd6 35. f4 Bxe4 36. dxe4 Nxe4 37. Qh3 Nc3 38. Rab2 e4 39. Re1 d3 40. Ne3 Qd6 41. Qc8+ Kh7 42. Qf5+ Kg8 43. Nd5 Qe6 44. Ne3 Qd6 45. Rd2 g6 46.
Qe5 Qxe5 47. fxe5 Kg7 48. Nd5 Re8 49. Nf6 Rxe5 50. Re3 Kh8 51. Kg2 Kg7 52. Rdxd3 exd3 53. Rxe5 d2 54. Re8 d1=Q 55. Rg8# 1-0

[Event "Early-Titled-Tuesday-Blitz-June-18-2024"]
[Site "Chess.com"]
[Date "2024.06.18"]
[Round "1"]
[White "DenLaz"]
[Black "AGW2016"]
[Result "1-0"]
[WhiteElo "3102"]
[BlackElo "2542"]
[TimeControl "180+1"]
[EndTime "8:08:05 PDT"]
[Termination "DenLaz won by resignation"]

1. d4 Nf6 2. c4 g6 3. g3 Bg7 4.
Bg2 O-O 5. Nc3 d6 6. Nf3 Nc6 7. O-O e5 8. d5 Nb8 9. e4 Nbd7 10. Ne1 Nc5 11. b4 Ncd7 12. a3 Ne8 13. Nd3 f5 14. c5 a5 15. Rb1 axb4 16. axb4 f4 17. c6 bxc6 18. dxc6 Nb6 19. b5 Be6 20. Nd5 Bxd5 21.
exd5 Nf6 22. gxf4 e4 23. Nb4 Nh5 24. Qg4 Nf6 25. Qe2 Kh8 26. Bxe4 Re8 27. f3 Nbxd5 28.
Nxd5 Nxd5 29. Bd2 Nc3 30. Bxc3 Bxc3 31. Qd3 Qf6 32. Kh1 Ba5 33. f5 g5 34. Ra1 Bb6 35.
Rxa8 Rxa8 36. Qd2 Ra1 37. Bb1 Ra3 38. Qd5 Kg7 39. Ba2 Kh6 40. Bc4 Re3 41. Bd3 Qc3 42. Bc4 Qf6 43. Qf7 Qxf7 44. Bxf7 Kg7 45. Be6 Kf6 46.
Kg2 Re5 47. Kg3 Rxb5 48. h4 h6 49. hxg5+ hxg5 50. Rh1 Ke5 51. Rh6 Rc5 52. Bd7 d5 53. f6 Rc1 54. f7 Bc5 55. Re6+ Kd4 56. Re8 Rg1+ 57. Kh2 Rf1 58. Kg2 Re1 59. Rxe1 1-0